 Dungeon Crawl Stone Soup version 0.31.0-9-g3a7656b989 (webtiles) character file.

Game seed: 370781863248555961

574 Gottschkopf the Destroyer (level 7, -9/36 HPs)
             Began as a Deep Elf Conjurer on Feb 4, 2024.
             Mangled by a gnoll sergeant
             ... wielding a +0 trident
              (12 damage)
             ... on level 5 of the Dungeon.
             The game lasted 00:05:53 (4195 turns).

Gottschkopf the Destroyer (Deep Elf Conjurer)       Turns: 4195, Time: 00:05:53

Health: -9/36      AC:  2    Str:  4    XL:     7   Next: 12%
Magic:  5/13       EV: 12    Int: 25    God:
Gold:   244        SH:  0    Dex: 13    Spells: 1/12 levels left

rFire   . . .        f - +0 dagger
rCold   . . .        (no shield)
rNeg    . . .        a - +0 robe
rPois   .            (no helmet)
rElec   .            (no cloak)
rCorr   .            (no gloves)
SInv    .            (no boots)
Will    .....        p - amulet of faith
Stlth   ++           (no ring)
HPRegen 0.26/turn    (no ring)
MPRegen 0.13/turn

%: faith
@: no status effects
A: no striking features
a: no special abilities


You were on level 5 of the Dungeon.
You visited 1 branch of the dungeon, and saw 5 of its levels.

You collected 244 gold pieces.

Inventory:

Hand Weapons
 f - a +0 dagger (weapon)
 o - a +2 falchion of holy wrath
Missiles
 w - a throwing net
Armour
 a - a +0 robe (worn)
Jewellery
 p - an amulet of faith (around neck)
Scrolls
 c - 2 scrolls of enchant weapon {unknown}
 g - 2 scrolls of poison {unknown}
 h - a scroll of revelation {unknown}
 j - a scroll of acquirement {unknown}
 l - 2 scrolls of fear {unknown}
 m - 5 scrolls of identify {unknown}
 n - a scroll of enchant armour {unknown}
 q - 2 scrolls of teleportation {unknown}
 r - a scroll of noise {unknown}
 s - a scroll of immolation {unknown}
 t - a scroll of fog {unknown}
 v - a scroll of vulnerability {unknown}
 y - a scroll of brand weapon {unknown}
Potions
 b - 2 potions of magic
 d - a potion of haste {unknown}
 e - a potion of curing {unknown}
 i - a potion of brilliance {unknown}
 k - a potion of degeneration {unknown}
 u - a potion of heal wounds {unknown}
 x - a potion of resistance {unknown}


   Skills:
 - Level 2.4 Dodging
 - Level 2.4 Stealth
 - Level 3.0 Spellcasting
 * Level 8.4 Conjurations
 + Level 1.8 Translocations
 + Level 0.4 Earth Magic
 - Level 3.4 Alchemy


You had one spell level left.
You knew the following spells:

 Your Spells              Type           Power      Damage    Failure   Level
a - Magic Dart            Conj           100%       1d8       1%          1
b - Searing Ray           Conj           90%        2d7       1%          2
c - Fulminant Prism       Conj/Alch      16%        3d10      9%          4
d - Iskenderun's Mystic   Conj/Tloc      29%        2d7       12%         4

Your spell library contained the following spells:

 Spells                   Type           Power      Damage    Failure   Level
 Stone Arrow              Conj/Erth      50%        3d10      4%          3
 Animate Armour           Summ/Erth      8%         N/A       67%         4
 Lehudib's Crystal Spear  Conj/Erth      12%        10d4      100%        8


Dungeon Overview and Level Annotations

Branches:
Dungeon (5/15)
 Temple: D:4-7

Altars:
Dithmenos
Xom


Message History

You kill the hound!
The searing ray hits the gnoll!
The gnoll is severely wounded.
You finish channelling your searing ray.
Casting: Searing Ray (safe; 1% risk of failure)
Confirm with . or Enter, or press ? or * to list all spells.
Aiming: Searing Ray (safe; 1% risk of failure)
Press: ? - help, Shift-Dir - straight line, f - gnoll sergeant
Aim: a gnoll sergeant, wielding a +0 trident, wearing a +0 scale mail and wearing a +0 buckler (87% to hit)
The searing ray hits the gnoll!
You kill the gnoll!
The searing ray hits the gnoll sergeant.
The gnoll sergeant is lightly wounded. (Press . to maintain the ray.)
The searing ray hits the gnoll sergeant.
The gnoll sergeant is lightly wounded.
The searing ray hits the gnoll sergeant!
The gnoll sergeant is heavily wounded.
A gnoll comes into view. It is wielding a +0 whip.
The gnoll sergeant barely misses you.
The searing ray hits the gnoll sergeant.
The gnoll sergeant is heavily wounded.
You finish channelling your searing ray.
The gnoll sergeant hits you from afar with a +0 trident!
Okay, then.
The gnoll shouts!
There is an open door here.
There is an open door here.
The gnoll sergeant attacks as it pursues you!
The gnoll sergeant hits you from afar with a +0 trident!
You close the door.
A gnoll sergeant opens the door.
The gnoll sergeant attacks as it pursues you!
The gnoll sergeant completely misses you.
The gnoll sergeant attacks as it pursues you!
The gnoll sergeant hits you from afar with a +0 trident!!
Ouch! That really hurt!
* * * LOW HITPOINT WARNING * * *
The gnoll sergeant attacks as it pursues you!
The gnoll sergeant hits you from afar with a +0 trident!
You die...

##...####.....####
#...# #.....#
#...#####'####
#.g.....#.#
#.#####.#g#
#.#...#.#.#
#g#.#.#.#.#
#.#.#.#.#.#
#@#.#.#.#.
#.#.#.#<#
#.#.....#
#.###.#.#
#.....#.#
#######)# #.# #.#
#.#


You could see a gnoll sergeant and a gnoll.

Vanquished Creatures
  Eustachio (D:4)
  Menkaure (D:4)
  A bombardier beetle (D:5)
  2 hounds
  A sleepcap (D:4)
  An orc wizard (D:4)
  Natasha (thrice) (D:3)
  2 gnolls (D:5)
  2 adders (D:2)
  3 dart slugs
  2 ribbon worms
  2 orcs (D:4)
  6 ball pythons
  4 endoplasms
  3 giant cockroaches
  6 goblins
  4 hobgoblins
  5 quokkas
  3 bats
  2 frilled lizards (D:2)
  5 kobolds
  7 rats
66 creatures vanquished.

Notes
Turn   | Place    | Note
-------+----------+-------------------------------------------
     0 | D:1      | Gottschkopf the Deep Elf Conjurer began the quest for the
                  | Orb.
     0 | D:1      | Reached XP level 1. HP: 10/10 MP: 6/6
   158 | D:1      | Reached XP level 2. HP: 15/15 MP: 5/8
   167 | D:1      | Reached skill level 5 in Conjurations
   763 | D:2      | Reached XP level 3. HP: 19/19 MP: 1/9
   766 | D:2      | Learned a level 2 spell: Searing Ray
  1419 | D:2      | Reached skill level 6 in Conjurations
  1995 | D:3      | Reached XP level 4. HP: 24/24 MP: 5/10
  2387 | D:3      | Found a faded altar of an unknown god.
  2476 | D:3      | Noticed Natasha
  2482 | D:3      | Killed Natasha
  2666 | D:3      | Noticed Natasha
  2669 | D:3      | Killed Natasha
  2670 | D:3      | Reached skill level 7 in Conjurations
  2670 | D:3      | Reached XP level 5. HP: 22/28 MP: 7/11
  2675 | D:3      | Learned a level 4 spell: Fulminant Prism
  2808 | D:3      | Noticed Natasha
  2812 | D:3      | Killed Natasha
  2948 | D:4      | Reached skill level 1 in Alchemy
  3244 | D:4      | Noticed Menkaure
  3250 | D:4      | Killed Menkaure
  3251 | D:4      | Reached XP level 6. HP: 10/32 MP: 5/12
  3257 | D:4      | Learned a level 4 spell: Iskenderun's Mystic Blast
  3538 | D:4      | Noticed Eustachio
  3547 | D:4      | Killed Eustachio
  3548 | D:4      | Reached skill level 8 in Conjurations
  3548 | D:4      | Reached skill level 1 in Translocations
  3958 | D:4      | Found a shadowy altar of Dithmenos.
  3958 | D:4      | Found a shimmering altar of Xom.
  4042 | D:5      | Entered Level 5 of the Dungeon
  4080 | D:5      | Reached XP level 7. HP: 36/36 MP: 5/13
  4195 | D:5      | Mangled by a gnoll sergeant

Illustrated notes

Levels and vault maps discovered:
D:1:      scummos_arrival_simple_crosswalls, layout_rooms
D:2:      layout_basic, guppyfry_early_lair_pool
D:3:      layout_basic, basic_ecumenical_altar, uniq_natasha
D:4:      layout_basic, nicolae_overflow_two_pavilions, uniq_eustachio,
          uniq_menkaure
D:5:      layout_basic, chequers_temple_overflow_statue_of_worship,
          guppyfry_early_orc_mine

Skill      XL: |  1  2  3  4  5  6 |
---------------+-------------------+-----
Conjurations   | 5 6 7 8 |  8.4
Alchemy        | 2 3 |  3.4
Translocations | 1 |  1.8
Dodging        | |  2.4
Stealth        | |  2.4
Spellcasting   | |  3.0
Earth Magic    | |  0.4

Action                     |  1- 3 |  4- 6 |  7- 9 || total
---------------------------+-------+-------+-------++-------
   Cast: Magic Dart        |    76 |    57 |     1 ||   134
         Searing Ray       |       |     8 |     2 ||    10
 Armour: Robe              |     1 |     5 |     5 ||    11
  Dodge: Dodged            |     2 |     6 |     2 ||    10
